TOP OF THE 1ST |
Wizarding Express batting - Pitching for Boston Patriots : RHP José García
|
Pitching: RHP José García
|
|
Batting: LHB José Corona
|
0-0: Called Strike 0-1: Ball 1-1: SOLO HOME RUN (Flyball, 9LD), Distance : 357 ft
|
Batting: SHB Salvador Trevino
|
0-0: Ball 1-0: Fly out, F7 (Flyball, 7S)
|
Batting: RHB António Martínez
|
0-0: Ball 1-0: Swinging Strike 1-1: Ball 2-1: Foul Ball, location: 2F 2-2: Ball 3-2: Base on Balls
|
Batting: LHB Nathan Tanner
|
0-0: Ball 1-0: Ball 2-0: Fielders Choice at 2nd, 4-6 (Groundball, 34)
|
Now at SS: Miguel Márquez
|
|
Batting: SHB Fernando Sánchez
|
0-0: Foul Ball, location: 2F 0-1: Foul Ball, location: 2F 0-2: Strikes out swinging
|
Top of the 1st over - 1 run, 1 hit, 0 errors, 1 left on base; Wizarding 1 - Boston 0 |
BOTTOM OF THE 1ST |
Boston Patriots batting - Pitching for Wizarding Express : RHP Eduardo Molina
|
Pitching: RHP Eduardo Molina
|
|
Batting: RHB Miguel Márquez
|
0-0: Ball 1-0: Foul Ball, location: 2F 1-1: Fly out, F8 (Flyball, 8RS)
|
Batting: RHB Tommy Jones
|
0-0: Called Strike 0-1: Swinging Strike 0-2: Foul Ball, location: 2F 0-2: Foul Ball, location: 2F 0-2: Foul Ball, location: 2F 0-2: Ball 1-2: SOLO HOME RUN (Flyball, 78XD), Distance : 425 ft
|
Batting: RHB Karl Schultz
|
0-0: Called Strike 0-1: Ball 1-1: Swinging Strike 1-2: Ball 2-2: Fly out, F8 (Flyball, 78M)
|
Batting: LHB Timmy Appeldoorn
|
0-0: Fly out, F9 (Flyball, 9LD)
|
Bottom of the 1st over - 1 run, 1 hit, 0 errors, 0 left on base; Wizarding 1 - Boston 1 |
TOP OF THE 2ND |
Wizarding Express batting - Pitching for Boston Patriots : RHP José García
|
Batting: LHB António Boccanegra
|
0-0: Ground out 4-3 (Groundball, 4)
|
Batting: RHB Ralph Cranford
|
0-0: Called Strike 0-1: Swinging Strike 0-2: Ball 1-2: Fly out, F7 (Flyball, 7)
|
Batting: LHB David Breitling
|
0-0: Foul Ball, location: 2F 0-1: Ball 1-1: Swinging Strike 1-2: Foul Ball, location: 2F 1-2: Ball 2-2: Ball 3-2: Fly out, F9 (Flyball, 9LD)
|
Top of the 2nd over - 0 runs, 0 hits, 0 errors, 0 left on base; Wizarding 1 - Boston 1 |
BOTTOM OF THE 2ND |
Boston Patriots batting - Pitching for Wizarding Express : RHP Eduardo Molina
|
Batting: RHB Tamasaburo Kato
|
0-0: Foul Ball, location: 2F 0-1: Ground out 6-3 (Groundball, 6S)
|
Batting: RHB Terry Armstrong
|
0-0: Fly out, F4 (Line Drive, 4)
|
Batting: SHB Jorge Velázquez
|
0-0: Ball 1-0: Foul Ball, location: 2F 1-1: Foul Ball, location: 2F 1-2: Ball 2-2: Foul Ball, location: 2F 2-2: Foul Ball, location: 2F 2-2: Strikes out swinging
|
Bottom of the 2nd over - 0 runs, 0 hits, 0 errors, 0 left on base; Wizarding 1 - Boston 1 |
TOP OF THE 3RD |
Wizarding Express batting - Pitching for Boston Patriots : RHP José García
|
Batting: RHB Frank Grimes
|
0-0: SINGLE (Groundball, 6MD)
|
Batting: LHB José Corona
|
0-0: Ball 1-0: Called Strike 1-1: Swinging Strike 1-2: Strikes out looking
|
Batting: SHB Salvador Trevino
|
0-0: Ball 1-0: Foul Ball, location: 2F 1-1: Ball 2-1: Called Strike 2-2: SINGLE (Groundball, 4MD) Frank Grimes to second
|
Batting: RHB António Martínez
|
0-0: Ball 1-0: Called Strike 1-1: Fly out, F8 (Flyball, 78D)
|
Batting: LHB Nathan Tanner
|
0-0: Called Strike 0-1: Ball 1-1: Swinging Strike 1-2: Fly out, F9 (Flyball, 89S)
|
Top of the 3rd over - 0 runs, 2 hits, 0 errors, 2 left on base; Wizarding 1 - Boston 1 |
BOTTOM OF THE 3RD |
Boston Patriots batting - Pitching for Wizarding Express : RHP Eduardo Molina
|
Batting: RHB Eddie O'Bryan
|
0-0: Ball 1-0: Called Strike 1-1: Ball 2-1: Swinging Strike 2-2: Strikes out looking
|
Batting: LHB Alberto Enríquez
|
0-0: Ball 1-0: Ground out 6-3 (Groundball, 6M)
|
Batting: RHB Miguel Márquez
|
0-0: Ball 1-0: Foul Ball, location: 2F 1-1: Foul Ball, location: 2F 1-2: Ball 2-2: Ground out 5-3 (Groundball, 5)
|
Bottom of the 3rd over - 0 runs, 0 hits, 0 errors, 0 left on base; Wizarding 1 - Boston 1 |
TOP OF THE 4TH |
Wizarding Express batting - Pitching for Boston Patriots : RHP José García
|
Batting: SHB Fernando Sánchez
|
0-0: Fly out, F8 (Flyball, 8RD)
|
Batting: LHB António Boccanegra
|
0-0: Ground out 4-3 (Groundball, 4)
|
Batting: RHB Ralph Cranford
|
0-0: Ground out 6-3 (Groundball, 6)
|
Top of the 4th over - 0 runs, 0 hits, 0 errors, 0 left on base; Wizarding 1 - Boston 1 |
BOTTOM OF THE 4TH |
Boston Patriots batting - Pitching for Wizarding Express : RHP Eduardo Molina
|
Batting: RHB Tommy Jones
|
0-0: Called Strike 0-1: Ball 1-1: Called Strike 1-2: Ball 2-2: Ball 3-2: Foul Ball, location: 2F 3-2: SINGLE (Groundball, 34D)
|
Batting: RHB Karl Schultz
|
0-0: Foul Ball, location: 2F 0-1: Ball 1-1: Ball 2-1: Ball 3-1: Called Strike 3-2: SINGLE (Groundball, 6D) Tommy Jones to second Tommy Jones to third
|
Batting: LHB Timmy Appeldoorn
|
0-0: Ball 1-0: Swinging Strike 1-1: SINGLE (Groundball, 34D) Tommy Jones scores Karl Schultz to second Runner from 2nd tries for 3rd, SAFE, throw made to third
|
Batting: RHB Tamasaburo Kato
|
0-0: Ball 1-0: Foul Ball, location: 2F 1-1: Ball 2-1: Ball 3-1: Base on Balls Timmy Appeldoorn to second
|
Batting: RHB Terry Armstrong
|
0-0: Ball 1-0: Grounds into double play, 4-6-3 (Groundball, 4) Karl Schultz scores Timmy Appeldoorn to third
|
Batting: SHB Jorge Velázquez
|
0-0: Ball 1-0: Ground out 4-3 (Groundball, 4MD)
|
Bottom of the 4th over - 2 runs, 3 hits, 0 errors, 1 left on base; Wizarding 1 - Boston 3 |
TOP OF THE 5TH |
Wizarding Express batting - Pitching for Boston Patriots : RHP José García
|
Batting: LHB David Breitling
|
0-0: Ground out 4-3 (Groundball, 34)
|
Batting: RHB Frank Grimes
|
0-0: Ball 1-0: Called Strike 1-1: SINGLE (Groundball, 6MD)
|
Batting: LHB José Corona
|
0-0: Ball 1-0: Ball 2-0: Called Strike 2-1: Ball 3-1: Foul Ball, location: 2F 3-2: Foul Ball, location: 2F 3-2: SINGLE (Groundball, 34D) Frank Grimes to second Runner from 2nd tries for 3rd, SAFE, no throw
|
Pinch Runner at 3rd Rafael Arredondo:
|
|
Batting: SHB Salvador Trevino
|
0-0: Called Strike 0-1: Foul Ball, location: 2F 0-2: SINGLE (Groundball, 4D) Rafael Arredondo scores José Corona to second Runner from 2nd tries for 3rd, SAFE, no throw
|
Batting: RHB António Martínez
|
0-0: Ball 1-0: DOUBLE (Line Drive, 7D) José Corona scores Salvador Trevino to third
|
Batting: LHB Nathan Tanner
|
0-0: Intentional Walk
|
Batting: SHB Fernando Sánchez
|
0-0: Ball 1-0: Called Strike 1-1: Called Strike 1-2: Ground out 3-1 (Groundball, 34S) Salvador Trevino scores António Martínez to third Nathan Tanner to second
|
Batting: LHB António Boccanegra
|
0-0: SINGLE (Groundball, 34D) António Martínez scores Nathan Tanner to third Runner from 3rd tries for Home, SAFE, no throw
|
Pitching: RHP Valentín Rivera
|
|
Batting: RHB Ralph Cranford
|
0-0: Ball 1-0: Fly out, F7 (Flyball, 7LM)
|
Top of the 5th over - 5 runs, 5 hits, 0 errors, 1 left on base; Wizarding 6 - Boston 3 |
BOTTOM OF THE 5TH |
Boston Patriots batting - Pitching for Wizarding Express : RHP Eduardo Molina
|
Now at 2B: Rafael Arredondo
|
|
Batting: RHB Eddie O'Bryan
|
0-0: Ball 1-0: Ground out 1-3 (Groundball, P)
|
Batting: LHB Alberto Enríquez
|
0-0: Ball 1-0: Swinging Strike 1-1: Swinging Strike 1-2: Foul Ball, location: 2F 1-2: Ball 2-2: Ground out 4-3 (Groundball, 4D)
|
Batting: RHB Miguel Márquez
|
0-0: Ball 1-0: SINGLE (Groundball, 56D)
|
Batting: RHB Tommy Jones
|
0-0: Ball 1-0: SINGLE (Groundball, 56D) Miguel Márquez to second Runner from 2nd tries for 3rd, SAFE, no throw
|
Batting: RHB Karl Schultz
|
0-0: Ball 1-0: Foul Ball, location: 2F 1-1: Ball 2-1: Fly out, F7 (Flyball, 78M)
|
Bottom of the 5th over - 0 runs, 2 hits, 0 errors, 2 left on base; Wizarding 6 - Boston 3 |
TOP OF THE 6TH |
Wizarding Express batting - Pitching for Boston Patriots : RHP Valentín Rivera
|
Batting: LHB David Breitling
|
0-0: Ball 1-0: Swinging Strike 1-1: Foul Ball, location: 2F 1-2: Ball 2-2: Strikes out looking
|
Batting: RHB Rafael Arredondo
|
0-0: Called Strike 0-1: Ball 1-1: SINGLE (Line Drive, 6D)
|
Batting: LHB José Corona
|
0-0: Ground out 3-1 (Groundball, 3) Rafael Arredondo to second
|
Batting: SHB Salvador Trevino
|
0-0: Ball 1-0: Foul Ball, location: 2F 1-1: Ground out U3 (Groundball, 34)
|
Top of the 6th over - 0 runs, 1 hit, 0 errors, 1 left on base; Wizarding 6 - Boston 3 |
BOTTOM OF THE 6TH |
Boston Patriots batting - Pitching for Wizarding Express : RHP Eduardo Molina
|
Batting: LHB Timmy Appeldoorn
|
0-0: Called Strike 0-1: Swinging Strike 0-2: Fly out, F1 (Line Drive, 13)
|
Batting: RHB Tamasaburo Kato
|
0-0: Swinging Strike 0-1: Ball 1-1: Ball 2-1: Ball 3-1: Swinging Strike 3-2: SINGLE (Groundball, 56D)
|
Batting: RHB Terry Armstrong
|
0-0: Ball 1-0: Foul Ball, location: 2F 1-1: Foul Ball, location: 2F 1-2: Foul Ball, location: 2F 1-2: Ball 2-2: Foul Ball, location: 2F 2-2: SINGLE (Groundball, 6D) Tamasaburo Kato to second
|
Batting: SHB Jorge Velázquez
|
0-0: Foul Ball, location: 2F 0-1: Ball 1-1: Fly out, F9 (Line Drive, 9)
|
Batting: RHB Eddie O'Bryan
|
0-0: Foul Ball, location: 2F 0-1: Ball 1-1: Ball 2-1: Called Strike 2-2: Ball 3-2: Foul Ball, location: 2F 3-2: Ground out U3 (Groundball, 3S)
|
Bottom of the 6th over - 0 runs, 2 hits, 0 errors, 2 left on base; Wizarding 6 - Boston 3 |
TOP OF THE 7TH |
Wizarding Express batting - Pitching for Boston Patriots : RHP Valentín Rivera
|
Pitching: RHP Jorge Aguirre
|
|
Batting: RHB António Martínez
|
0-0: Ball 1-0: Fly out, F8 (Flyball, 8LM)
|
Batting: LHB Nathan Tanner
|
0-0: Called Strike 0-1: Ball 1-1: Foul Ball, location: 2F 1-2: Ball 2-2: Ball 3-2: SINGLE (Line Drive, 56D)
|
Batting: SHB Fernando Sánchez
|
0-0: Called Strike 0-1: Ball 1-1: Ball 2-1: Foul Ball, location: 2F 2-2: Ball 3-2: Fly out, F8 (Flyball, 8LD)
|
Batting: LHB António Boccanegra
|
0-0: Ball 1-0: Called Strike Nathan Tanner steals 2nd base 1-1: Fly out, F7 (Line Drive, 7LM)
|
Top of the 7th over - 0 runs, 1 hit, 0 errors, 1 left on base; Wizarding 6 - Boston 3 |
BOTTOM OF THE 7TH |
Boston Patriots batting - Pitching for Wizarding Express : RHP Eduardo Molina
|
Batting: LHB Alberto Enríquez
|
0-0: Ground out 6-3 (Groundball, 6S)
|
Batting: RHB Miguel Márquez
|
0-0: Swinging Strike 0-1: Ball 1-1: Ball 2-1: SINGLE (Groundball, 4) (infield hit)
|
Pitching: RHP Juan Cantú
|
|
Batting: RHB Tommy Jones
|
0-0: Called Strike 0-1: Ball 1-1: Ball 2-1: Ball 3-1: Swinging Strike 3-2: Base on Balls Miguel Márquez to second
|
Batting: RHB Karl Schultz
|
0-0: Called Strike 0-1: Foul Ball, location: 2F 0-2: Ball 1-2: Ball 2-2: Ball 3-2: SINGLE (Line Drive, 5) Miguel Márquez to third Tommy Jones to second Miguel Márquez scores Tommy Jones to third
|
Batting: LHB Timmy Appeldoorn
|
0-0: Ground out 4-3 (Groundball, 4) Karl Schultz to second
|
Batting: RHB Tamasaburo Kato
|
0-0: Ball 1-0: Foul Ball, location: 2F 1-1: Fly out, F7 (Line Drive, 78S)
|
Bottom of the 7th over - 1 run, 2 hits, 0 errors, 2 left on base; Wizarding 6 - Boston 4 |
TOP OF THE 8TH |
Wizarding Express batting - Pitching for Boston Patriots : RHP Jorge Aguirre
|
Batting: RHB Ralph Cranford
|
0-0: Ball 1-0: Called Strike 1-1: Ball 2-1: SINGLE (Line Drive, 78S)
|
Batting: LHB David Breitling
|
0-0: Ball 1-0: Bunt missed! 1-1: Ball 2-1: Sac Bunt - play at first, batter OUT! 3-4 Ralph Cranford to second
|
Batting: RHB Rafael Arredondo
|
0-0: Swinging Strike 0-1: Ball 1-1: Called Strike 1-2: Foul Ball, location: 2F 1-2: Fly out, F7 (Flyball, 7)
|
Batting: LHB José Corona
|
0-0: Swinging Strike 0-1: Swinging Strike 0-2: Strikes out looking
|
Top of the 8th over - 0 runs, 1 hit, 0 errors, 1 left on base; Wizarding 6 - Boston 4 |
BOTTOM OF THE 8TH |
Boston Patriots batting - Pitching for Wizarding Express : RHP Juan Cantú
|
Batting: RHB Terry Armstrong
|
0-0: Ball 1-0: Called Strike 1-1: Called Strike 1-2: Foul Ball, location: 2F 1-2: Foul Ball, location: 2F 1-2: Foul Ball, location: 2F 1-2: Strikes out swinging, 2-3 out at first.
|
Batting: SHB Jorge Velázquez
|
0-0: Called Strike 0-1: Ball 1-1: Ball 2-1: Foul Ball, location: 2F 2-2: Foul Ball, location: 2F 2-2: Strikes out swinging
|
Batting: RHB Eddie O'Bryan
|
0-0: Ball 1-0: Ball 2-0: Foul Ball, location: 2F 2-1: SINGLE (Line Drive, 34)
|
Batting: LHB Alberto Enríquez
|
0-0: Ground out 4-3 (Groundball, 4S)
|
Bottom of the 8th over - 0 runs, 1 hit, 0 errors, 1 left on base; Wizarding 6 - Boston 4 |
TOP OF THE 9TH |
Wizarding Express batting - Pitching for Boston Patriots : RHP Jorge Aguirre
|
Batting: SHB Salvador Trevino
|
0-0: Ball 1-0: Swinging Strike 1-1: Ball 2-1: Ground out U3 (Groundball, 3)
|
Batting: RHB António Martínez
|
0-0: Called Strike 0-1: Ground out 4-3 (Groundball, 4)
|
Pitching: RHP Doug Carlton
|
|
Batting: LHB Nathan Tanner
|
0-0: Ball 1-0: Ball 2-0: Foul Ball, location: 2F 2-1: Called Strike 2-2: Strikes out swinging
|
Top of the 9th over - 0 runs, 0 hits, 0 errors, 0 left on base; Wizarding 6 - Boston 4 |
BOTTOM OF THE 9TH |
Boston Patriots batting - Pitching for Wizarding Express : RHP Juan Cantú
|
Pitching: LHP Eijiro Takahashi
|
|
Batting: RHB Miguel Márquez
|
0-0: Ball 1-0: Ball 2-0: Foul Ball, location: 2F 2-1: Foul Ball, location: 2F 2-2: Ball 3-2: Foul Ball, location: 2F 3-2: Strikes out swinging
|
Batting: RHB Tommy Jones
|
0-0: Ball 1-0: Ball 2-0: Called Strike 2-1: Swinging Strike 2-2: SINGLE (Line Drive, 9LS)
|
Batting: RHB Karl Schultz
|
0-0: Ball 1-0: Swinging Strike 1-1: Swinging Strike 1-2: Strikes out swinging
|
Batting: LHB Timmy Appeldoorn
|
0-0: Ball 1-0: Called Strike 1-1: Called Strike 1-2: Foul Ball, location: 2F 1-2: Ball 2-2: Strikes out swinging
|
Bottom of the 9th over - 0 runs, 1 hit, 0 errors, 1 left on base; Wizarding 6 - Boston 4 |
|